 Dungeon Crawl Stone Soup version 0.20-a0-754-g13ddd6e (webtiles) character file.

102 Nigilith the Ruffian (level 4, 0/38 HPs)
             Began as a Ghoul Monk on Feb 25, 2017.
             Was an Elder of Lugonu.
             Slain by a jackal (1 damage)
             ... on level 3 of the Dungeon.
             The game lasted 00:06:29 (1551 turns).

Nigilith the Ruffian (Ghoul Monk)                   Turns: 1551, Time: 00:06:30

Health: 0/38       AC:  2    Str: 15    XL:     4   Next: 77%
Magic:  3/3        EV: 18    Int:  5    God:    Lugonu [****..]
Gold:   131        SH:  0    Dex: 16    Spells: 3/3 levels left

rFire    + . .     SeeInvis .     - Unarmed
rCold    + + .     Gourm    .   a - +0 robe
rNeg     + + +     Faith    .   (no shield)
rPois    ∞         Spirit   .   (no helmet)
rElec    +         Reflect  .   (no cloak)
rCorr    +         Harm     .   (no gloves)
MR       .....                  (no boots)
Stlth    +++.......             f - amulet of rage
Regen    0.0/turn               (no ring)
MPRegen  0.1/turn               (no ring)

@: agile, resistant, rotting
A: rotting body, claws 1, carnivore 3, cold resistance 1, negative energy
resistance 3, inhibited regeneration, torment resistance, unbreathing
a: Depart the Abyss, Bend Space, Banish, Corrupt, Renounce Religion


You were on level 3 of the Dungeon.
You worshipped Lugonu.
Lugonu was greatly pleased with you.
You were not hungry.

You visited 1 branch of the dungeon, and saw 3 of its levels.

You collected 131 gold pieces.

Inventory:

Armour
 a - a +0 robe (worn)
Jewellery
 f - an amulet of rage (around neck)
Wands
 m - a wand of flame (28/48)
Scrolls
 d - 2 scrolls of identify {unknown}
 e - 2 scrolls of recharging {unknown}
 g - 2 scrolls of fog {unknown}
 j - a scroll of enchant weapon {unknown}
 k - 2 scrolls of remove curse {unknown}
 p - a scroll of magic mapping {unknown}
Potions
 c - a potion of degeneration {unknown}
 l - a potion of flight {unknown}
 n - a potion of heal wounds {unknown}
 o - a potion of invisibility {unknown}
Comestibles
 b - a meat ration


   Skills:
 - Level 3.2 Fighting
 - Level 2.6 Dodging
 - Level 2.1 Stealth
 + Level 5.8 Unarmed Combat


You had 3 spell levels left.
You didn't know any spells.

Dungeon Overview and Level Annotations

Branches:
Dungeon (3/15)

Altars:
Lugonu


Innate Abilities, Weirdness & Mutations

Your body is rotting away.
You thrive on raw meat.
You are immune to poison.
You have sharp fingernails.
You are carnivorous and can eat meat at any time.
Your flesh is cold resistant. (rC+)
You are immune to negative energy. (rN+++)
You do not regenerate when monsters are visible.
You are immune to unholy pain and torment.
You can survive without breathing.


Message History

The jackal is lightly wounded.
The jackal bites you.
* * * LOW HITPOINT WARNING * * *
You barely miss the jackal.
The jackal is lightly wounded.
The jackal barely misses you. The jackal closely misses you.
You barely miss the jackal.
The jackal is lightly wounded.
The jackal barely misses you.
You closely miss the jackal.
The jackal is lightly wounded.
The jackal bites you.
* * * LOW HITPOINT WARNING * * *
It was a potion of resistance.
You feel protected.
The jackal bites you but does no damage.
It was a potion of agility.
You feel agile all of a sudden. The jackal bites you.
You die...

................>..#.#
....#..........#...#..
#....#.#.#.#############
.......#.#..........
###.#.###.#.#.########
.....###+#.#.....)...
#...................
#........###########
#.........hh@.......
#....†....#########.
#.........# #.........#
#.).......# ...#####+#.#
.... #.# ... #.# ..


You could see 2 jackals.

Vanquished Creatures
  5 adders
  An ooze (D:1)
  A dart slug (D:2)
  4 orcs
  A ball python (D:1)
  6 bats
  9 goblins
  6 hobgoblins
  2 jackals (D:3)
  3 kobolds
  5 frilled lizards
43 creatures vanquished.

Notes
Turn   | Place    | Note
-------+----------+-------------------------------------------
     0 | D:1      | Nigilith the Ghoul Monk began the quest for the Orb.
     0 | D:1      | Reached XP level 1. HP: 19/19 MP: 0/0
   114 | D:1      | Reached skill level 4 in Unarmed Combat
   114 | D:1      | Reached XP level 2. HP: 12/25 MP: 1/1
   693 | D:1      | Reached XP level 3. HP: 29/31 MP: 2/2
   853 | D:2      | Found a faded altar of an unknown god.
   883 | D:2      | Became a worshipper of Lugonu the Unformed
   883 | D:2      | Reached * piety under Lugonu
   883 | D:2      | Reached ** piety under Lugonu
   883 | D:2      | Reached *** piety under Lugonu
   899 | D:2      | Reached skill level 5 in Unarmed Combat
   952 | D:2      | Reached XP level 4. HP: 21/38 MP: 3/3
  1543 | D:3      | Reached **** piety under Lugonu
  1549 | D:3      | HP: 1/38 [jackal (1)]
  1551 | D:3      | Slain by a jackal

Vault maps used:
D:1:      dpeg_arrival_court, grunt_decor_mini_mirrors, serial_park_tiny_1
D:2:      chequers_ecumenical_altar_simple_redux
D:3:      portal_sewer_entry_b, uniq_crazy_yiuf_cottage

Skill      XL: |  1  2  3 |
---------------+----------+-----
Unarmed Combat | 4 5 |  5.8
Fighting       | |  3.2
Dodging        | |  2.6
Stealth        | |  2.1

Action                   |  1- 3 |  4- 6 || total
-------------------------+-------+-------++-------
Melee: Unarmed           |    77 |    53 ||   130
       Punch             |       |     1 ||     1
Evoke: Wand              |       |     2 ||     2
  Use: Potion            |       |     2 ||     2
 Stab: Sleeping          |     1 |     2 ||     3
  Eat: Chunk             |     2 |     1 ||     3
Armor: Robe              |    13 |    11 ||    24
Dodge: Dodged            |    48 |    43 ||    91
